Unix NetHack Version 5.0.0-0 post-release - last build Jun 10 2026 00:39:30 (3ee93aec679c4c4259841fe613dc97188e26a321,branch:main).

Game began 2026-06-25 06:36:03, ended 2026-06-25 07:58:59.

GdeVolpiano, neutral female human Tourist

          .hG.
         ...@.
         ..%..
        -....-
        ...--
         --

GdeVolpiano the Excursionist  St:14 Dx:9 Co:16 In:15 Wi:8 Ch:18  Neutral
Dlvl:4  $:2320 HP:0(55) Pw:23(23) AC:-1 Xp:6 T:2593  Hungry  

Latest messages:
 The gnome misses!
 The gnome hits!
 In what direction?
 The dart hits the gnome.
 The gnome lord hits!
 The gnome misses!
 The gnome hits!
 In what direction?
 You kill the gnome!
 The gnome lord hits!
 The gnome hits!
 In what direction?
 The dart hits the gnome.
 The dwarf picks up 4 darts.
 The gnome misses!
 In what direction?
 You kill the gnome!
 The dwarf swings his broad pick.
 The dwarf misses!
 The gnome lord misses!
 The gnome hits!
 In what direction?
 You kill the gnome!
 The gnome lord just misses!
 In what direction?
 The dart hits the gnome lord.
 The dwarf swings his broad pick.
 The dwarf hits!
 The gnome lord hits!
 What do you want to drink? [im or ?*]
 You feel much better.
 The gnome lord hits!
 In what direction?
 The dart hits the gnome lord.
 The gnome lord hits!
 You are beginning to feel hungry.
 In what direction?
 The dart hits the gnome lord.
 The dwarf swings his broad pick.
 The dwarf hits!
 In what direction?
 The dart hits the gnome lord.
 The gnome lord hits!
 In what direction?
 The dart hits the gnome lord.
 You are hit by a thonged club!
 The dwarf swings his broad pick.
 The dwarf hits!
 You die...
 Do you want your possessions identified? [ynq] (y)

Inventory:
 Coins    ('$')
  $ - 2320 gold pieces
 Weapons  (')')
  a - a +2 dart
  u - 5 +0 darts (at the ready)
 Armor    ('[')
  Y - an uncursed +0 orcish helm (being worn)
  S - an uncursed +0 pair of iron shoes (being worn)
  p - an uncursed +0 dwarvish roundshield (being worn)
  I - an uncursed +0 elven cloak (being worn)
  o - an uncursed +0 chain mail (being worn)
 Comestibles  ('%')
  b - an uncursed candy bar labeled "Om-nom"
  B - an uncursed cream pie
  e - 4 uncursed food rations
  g - 2 uncursed fortune cookies
  A - 3 uncursed lembas wafers
  h - an uncursed sprig of wolfsbane
  d - an uncursed egg
 Potions  ('!')
  m - an uncursed potion of sleeping
 Tools    ('(')
  U - a +0 pick-axe (alternate weapon; not wielded)
  k - an uncursed skeleton key

GdeVolpiano the Tourist's attributes:

Background:
 You were an Excursionist, a level 6 female human Tourist.
 You were neutral, nominally on a mission for The Lady
 who was opposed by Blind Io (lawful) and Offler (chaotic).
 You were right-handed.
 You were in the Gnomish Mines, on level 4.
 You entered the dungeon 2593 turns ago.
 You had 384 experience points, 256 more were needed to attain level 7.

Basics:
 You had 0 out of 55 hit points.
 You had all 23 energy points (spell power).
 Your armor class was -1.
 Your wallet contained 2320 zorkmids.
 Autopickup was on for '$?!/="+' plus thrown, with exceptions.

Final Characteristics:
 Your strength was 14 (limit:18/100).
 Your dexterity was 9 (limit:18).
 Your constitution was 16 (limit:18).
 Your intelligence was 15 (limit:18).
 Your wisdom was 8 (limit:18).
 Your charisma was 18 (limit:18).

Final Status:
 You were hungry.
 You were unencumbered.
 You were bare handed.
 You were unskilled in bare handed combat.

Final Attributes:
 You were piously aligned.
 You were stealthy.
 You were warded.
 You are dead.

Miscellaneous:
 You didn't encounter any bones levels.
 Total elapsed playing time was 31 minutes and 45 seconds.

Major events:
 Turn
    1: GdeVolpiano the neutral female human Tourist entered the dungeon
  699: read a Discworld novel
  699: attained the rank of Sightseer (level 3)
 2102: entered the Gnomish Mines
 2294: attained the rank of Excursionist (level 6)
 2593: killed by a dwarf

You didn't know any spells.

Skills:
 Fighting Skills
   bare handed combat [Unskilled]
   two weapon combat  [Unskilled]
   riding             [Unskilled]
 Weapon Skills
   dagger             [Unskilled]
   knife              [Unskilled]
   axe                [Unskilled]
   pick-axe           [Unskilled]
   short sword        [Unskilled]
   broadsword         [Unskilled]
   long sword         [Unskilled]
   two-handed sword   [Unskilled]
   saber              [Unskilled]
   mace               [Unskilled]
   morning star       [Unskilled]
   flail              [Unskilled]
   hammer             [Unskilled]
   quarterstaff       [Unskilled]
   polearms           [Unskilled]
   spear              [Unskilled]
   trident            [Unskilled]
   lance              [Unskilled]
   bow                [Unskilled]
   sling              [Unskilled]
   crossbow           [Unskilled]
   dart               [Basic]
   shuriken           [Unskilled]
   boomerang          [Unskilled]
   whip               [Unskilled]
   unicorn horn       [Unskilled]
 Spellcasting Skills
   divination spells  [Unskilled]
   enchantment spells [Unskilled]
   escape spells      [Unskilled]

Voluntary challenges:
 Character rerolling was not enabled.
 You were an atheist.
 You never genocided any monsters.
 You never polymorphed an object.
 You never changed form.
 You used no wishes.
Achievements:
 You entered a shop.
 You read from a Discworld novel.
 You attained the rank of Sightseer.
 You entered the Gnomish Mines.
 You attained the rank of Excursionist.

 The Dungeons of Doom: levels 1 to 5
    Level 1:
       An altar.
    Level 2:
       A fountain.
       Stairs down to The Gnomish Mines.
    Level 3:
       A scroll shop, a grave.
    Level 4:
       A general store.
    Level 5:
 The Gnomish Mines: levels 3 to 4
    Level 3:
    Level 4: <- You were here.
       Final resting place for
          you, killed by a dwarf.


Vanquished creatures:
 an imp
  a rock mole
  2 gnome leaders
 an elf zombie
  a floating eye
  a kitten
  4 dwarves
  2 rothes
  a giant bat
  a wererat
  2 iguanas
  a gas spore
  a hobbit
  5 giant rats
  a cave spider
  2 brown molds
  a yellow mold
 11 gnomes
  4 garter snakes
  a gecko
  2 foxes
  a kobold
  2 goblins
  8 grid bugs
  2 bats
  2 lichens
  2 kobold zombies
  7 newts
70 creatures vanquished.

No species were genocided or became extinct.

Game over:
                       ----------
                      /          \
                     /    REST    \
                    /      IN      \
                   /     PEACE      \
                  /                  \
                  |   GdeVolpiano    |
                  |     2320 Au      |
                  |   killed by a    |
                  |      dwarf       |
                  |                  |
                  |                  |
                  |       2026       |
                 *|     *  *  *      | *
        _________)/\\_//(\/(/\)/\//\/|_)_______

Aloha GdeVolpiano the Tourist...

You died in The Gnomish Mines on dungeon level 4 with 3674 points,
and 2320 pieces of gold, after 2593 moves.
You were level 6 with a maximum of 55 hit points when you died.

